 Dungeon Crawl Stone Soup version 0.31-a0-278-g485e682e34 (webtiles) character file.

Game seed: 16190947829519606643

27 AdnanSaban the Shield-Bearer (level 3, 0/23 HPs)
             Began as a Gargoyle Fighter on July 16, 2023.
             Slain by a goblin
             ... wielding a +0 dagger of flaming
             ... led by Robin
              (1 damage)
             ... on level 2 of the Dungeon.
             The game lasted 00:00:57 (851 turns).

AdnanSaban the Shield-Bearer (Gargoyle Fighter)      Turns: 851, Time: 00:01:00

Health: 0/23       AC: 10    Str: 21    XL:     3   Next: 10%
Magic:  3/3        EV:  9    Int:  8    God:
Gold:   20         SH:  4    Dex:  9    Spells: 2/2 levels left

rFire   . . .        a - +0 flail
rCold   . . .        c - +0 buckler
rNeg    + . .        b - +0 scale mail
rPois   ∞            (no helmet)
rElec   +            (no cloak)
rCorr   .            (no gloves)
SInv    .            (no boots)
Will    .....        (no amulet) Stlth
                     (no ring)
HPRegen 0.23/turn    (no ring)
MPRegen 0.08/turn

%: no passive effects
@: no status effects
A: sickness immunity, AC +3, negative energy resistance 1, electricity
resistance, torment resistance 1, petrification resistance
a: no special abilities


You were on level 2 of the Dungeon.
You visited 1 branch of the dungeon, and saw 2 of its levels.

You collected 20 gold pieces.

Inventory:

Hand Weapons
 a - a +0 flail (weapon)
Armour
 b - a +0 scale mail (worn)
 c - a +0 buckler (worn)
Scrolls
 f - 3 scrolls of teleportation {unknown}
 g - a scroll of poison {unknown}
 h - 2 scrolls of vulnerability {unknown}
 j - a scroll of silence {unknown}
 k - a scroll of noise {unknown}
 l - a scroll of enchant armour {unknown}
Potions
 d - a potion of might
 e - a potion of heal wounds {unknown}
 i - a potion of haste {unknown}


   Skills:
 + Level 3.5 Fighting
 + Level 2.2 Maces & Flails
 + Level 3.6 Armour
 + Level 3.8 Shields


You had 2 spell levels left.
You didn't know any spells.
Your spell library was empty.

Dungeon Overview and Level Annotations

Branches:
Dungeon (2/15)

Altars:


Innate Abilities, Weirdness & Mutations

You are immune to sickness and miasma.
Your stone body is resilient. (AC +3)
You are immune to poison.
You resist negative energy. (rN+)
You are resistant to electric shocks. (rElec)
You are resistant to unholy torment.
You are immune to petrification.


Message History

Robin is severely wounded.
The goblin barely misses you.
The goblin hits you but does no damage. x2
Robin closely misses you.
You barely miss Robin.
Robin is severely wounded.
The goblin hits you but does no damage. The goblin barely misses you.
The goblin hits you with a +0 club.
You hit Robin but do no damage.
Robin is severely wounded.
You block the goblin's attack. The goblin barely misses you.
You block Robin's attack. The goblin hits you but does no damage.
You block the goblin's attack. Robin closely misses you.
The goblin hits you but does no damage. x2
You closely miss Robin.
Robin is severely wounded.
The goblin hits you but does no damage.
The goblin hits you with a +0 dagger of flaming.
The goblin burns you.
* * * LOW HITPOINT WARNING * * *
Robin hits you but does no damage. The goblin hits you with a +0 club.
* * * LOW HITPOINT WARNING * * *
You barely miss Robin.
Robin is severely wounded.
The goblin barely misses you. The goblin hits you but does no damage.
Robin says, "Duck!"
You block the goblin's attack.
You closely miss Robin.
Robin is severely wounded.
The goblin barely misses you. You block the goblin's attack.
Robin barely misses you. The goblin barely misses you.
The goblin hits you but does no damage. Robin hits you with a +0 whip.
* * * LOW HITPOINT WARNING * * *
The goblin hits you but does no damage. You block the goblin's attack.
You sock Robin!
You kill Robin!
The goblin hits you but does no damage. You block the goblin's attack.
The goblin hits you with a +0 dagger of flaming.
* * * LOW HITPOINT WARNING * * *
The goblin burns you.
You die...

#g#.# #g#[# .
##.#.# .. gg#.#
#.##g#.#
#.##)#.###
##.##g..:.#
##...###g#..... #
##.....g@g# ###
#.##......g#####
.................
.##.......######
##.....## ##...##
##<## #.# #.#


You could see 4 goblins.

Vanquished Creatures
  Robin (D:2)
  A dart slug (D:1)
  A bat (D:1)
  2 endoplasms (D:1)
  6 goblins
  4 hobgoblins
  3 kobolds (D:1)
  A ball python (D:1)
  3 rats (D:1)
22 creatures vanquished.

Notes
Turn   | Place    | Note
-------+----------+-------------------------------------------
     0 | D:1      | AdnanSaban the Gargoyle Fighter began the quest for the
                  | Orb.
     0 | D:1      | Reached XP level 1. HP: 14/14 MP: 1/1
   101 | D:1      | Found a faded altar of an unknown god.
   161 | D:1      | Reached XP level 2. HP: 19/19 MP: 2/2
   813 | D:2      | Noticed Robin
   839 | D:2      | Reached XP level 3. HP: 18/23 MP: 3/3
   851 | D:2      | Killed Robin
   851 | D:2      | HP: 1/23 [goblin/+0 dagger of flaming[Robin] (2)]
   851 | D:2      | Slain by a goblin

Illustrated notes

Levels and vault maps discovered:
D:1:      minmay_arrival_four_circles, layout_basic,
          ebering_ecumenical_altar_webs, minmay_tetromino_t4
D:2:      layout_loops_ring, uniq_sigmund, uniq_robin

Action                     || total
---------------------------++-------
  Melee: Flail             ||    79
 Armour: Scale mail        ||    73
  Dodge: Dodged            ||    56
  Block: Buckler           ||    40

Table legend: (Time is in decaauts)
 A = Elapsed time spent in this place.
 B = Non-inter-level travel time spent in this place.
 C = Inter-level travel time spent in this place.
 D = Time resting spent in this place.
 E = Time spent auto-exploring this place.
 F = Levels seen in this place.
 G = Mean time per level.
                   A        B        C        D        E       F      G
               +--------+--------+--------+--------+--------+-----+--------+
         Total |    875 |    841 |     34 |      0 |    681 |   2 |  437.5 |
       Dungeon |    875 |    841 |     34 |      0 |    681 |   2 |  437.5 |
               +--------+--------+--------+--------+--------+-----+--------+

Top non-repeatable levels by time:
     D:1: 815 daAuts
     D:2: 59 daAuts
